[Event "Summer Prague Open-A 2022"]
[Site "Prague"]
[Date "2022.08.05"]
[Round "1.1"]
[White "Chrz, Pavel"]
[Black "Zanan, Evgeny"]
[Result "0-1"]
[ECO "B28"]
[WhiteElo "1986"]
[BlackElo "2521"]
[Annotator "TA"]
[PlyCount "68"]
[EventDate "2022.08.05"]
[EventType "swiss"]
[EventCountry "CZE"]
[SourceTitle "playchess.com"]
[Source "ChessBase"]
[SourceQuality "1"]
[TimeControl "40/5400+30:1800+30"]

1. e4 c5 2. Nf3 a6 3. c3 d6 4. d4 Qc7 5. Bd3 g6 6. Be3 {[%emt 0:01:34] B28: Sicilian: 2 Nf3 a6 (O'Kelly Variation).} Bg7 7. h3 Nd7 8. O-O {[%emt 0:02:05] White is slightly better.} Ngf6 9. Re1 O-O 10. Nbd2 b5 {[%emt 0:08:24] [#]} 11. Nf1 $146 ({Predecessor:} 11. Rc1 c4 12. Bb1 Bb7 13. Bf4 e5 14. Bh2 h6 15. Nf1 Rad8 16. d5 Ne8 17. g4 {0-1 (34) Schill,W (2147)-Katzir,M (2159) Chess.com INT 2021}) 11... Bb7 12. Bf4 {[%emt 0:04:23] [#]} (12. Ng3 $11 {remains equal.}) 12... e5 $1 $17 13. Bh2 Rfe8 (13... cxd4 $17 14. cxd4 exd4) 14. d5 c4 15. Bc2 Nc5 16. a4 Reb8 17. Qe2 Bc8 18. N1d2 Bd7 19. axb5 axb5 20. Qe3 Qc8 {[%emt 0:06:14] Black is more active.} 21. Nxe5 Rxa1 22. Rxa1 {[%emt 0:00:06][%cal Oe5f7] Threatens to win with Nxf7!} dxe5 23. Bxe5 {[%emt 0:00:03] [#]} (23. Nf3 $17) 23... Ng4 $1 $19 24. hxg4 Bxe5 25. f4 $2 {[%emt 0:00:24] [#]} (25. g5 {was necessary.}) 25... Bc7 $1 26. Nf3 ({But not} 26. Qxc5 $2 Bb6 27. Qxb6 Rxb6 $19) (26. Kh1 Bb6) 26... Bb6 {[%emt 0:02:41] Hoping for ...Nb3.} 27. Nd4 {[%emt 0:00:11] Prevents Nb3.} Bxg4 28. f5 Nd3 29. Qg5 Bh5 30. Kf1 $2 (30. f6 {might work better.}) 30... Qc7 31. Bxd3 cxd3 32. g4 Qg3 33. f6 Bxd4 34. cxd4 Bxg4 {[%emt 0:00:10] Weighted Error Value: White=1.00/Black=0.05 (flawless)} 0-1

[Event "Summer Prague Open-A 2022"]
[Site "Prague"]
[Date "2022.08.05"]
[Round "1.2"]
[White "Pap, Gyula"]
[Black "Novotny, David"]
[Result "1-0"]
[ECO "B58"]
[WhiteElo "2481"]
[BlackElo "1958"]
[Annotator "TA"]
[PlyCount "59"]
[EventDate "2022.08.05"]
[EventType "swiss"]
[EventCountry "CZE"]
[SourceTitle "playchess.com"]
[Source "ChessBase"]
[SourceQuality "1"]
[TimeControl "40/5400+30:1800+30"]

1. e4 c5 2. Nf3 d6 3. d4 cxd4 4. Nxd4 Nf6 5. Nc3 Nc6 6. Be2 g6 7. O-O Bg7 8. Nb3 O-O 9. Kh1 a5 10. a4 Be6 11. f4 Rc8 12. Be3 Nd7 {[%emt 0:09:33] [#]} 13. Bb5 $146 {[%emt 0:17:09] B70: Sicilian Dragon: 6 g3 and 6 Be2 (without a later Be3).} ({Predecessor:} 13. f5 Bxb3 14. cxb3 Nc5 15. Rc1 Re8 16. Bc4 e6 17. fxe6 fxe6 18. Bf4 Be5 19. Nb5 Nxe4 20. Bxe5 Nxe5 21. Bxe6+ Rxe6 22. Qd5 Ng5 23. Nd4 Rxc1 24. Rxc1 Qd7 25. h4 {½-½ (25) Valerga,D (2502)-Fusco,L (2392) Villa Martelli 2008}) 13... Bxb3 14. cxb3 Nc5 15. Bxc5 {[%emt 0:04:16] The position is equal.} dxc5 16. e5 f6 17. Qd5+ Qxd5 18. Nxd5 {[%emt 0:00:08] [#] Black must now prevent Bxc6.} Rcd8 $2 (18... Kh8 $14) 19. Bxc6 $18 bxc6 20. Nxe7+ Kf7 21. Nxc6 Rd2 22. Nxa5 Rxb2 23. Rad1 fxe5 24. fxe5+ Ke6 $2 (24... Kg8 25. Nc6 Rxb3) 25. Rd6+ {[%emt 0:00:27] White is clearly winning.} Kxe5 26. Nc4+ Ke4 27. Re1+ Kf4 28. Nxb2 Bxb2 29. Rd2 {[%emt 0:01:00] And now Rf2+ would win.} Bd4 {[%emt 0:03:12] [#] Inhibits Rf2+.} 30. Rxd4+ $1 {[%emt 0:00:10] White took control after the opening.  Weighted Error Value: White=0.07 (flawless) /Black=0.49} 1-0

[Event "Summer Prague Open-A 2022"]
[Site "Prague"]
[Date "2022.08.05"]
[Round "1.3"]
[White "Vylicil, Adam"]
[Black "Schmaltz, Roland"]
[Result "1/2-1/2"]
[ECO "A62"]
[WhiteElo "1890"]
[BlackElo "2466"]
[Annotator "TA"]
[PlyCount "75"]
[EventDate "2022.08.05"]
[EventType "swiss"]
[EventCountry "CZE"]
[SourceTitle "playchess.com"]
[Source "ChessBase"]
[SourceQuality "1"]
[TimeControl "40/5400+30:1800+30"]

1. d4 Nf6 2. c4 e6 3. g3 c5 4. d5 d6 5. Nc3 exd5 6. cxd5 g6 7. Bg2 Bg7 8. Nf3 O-O 9. O-O Re8 10. Re1 Na6 {[%emt 0:04:25] A62: Modern Benoni: Fianchetto Variation without early ...Nbd7.} 11. Nd2 Rb8 {[%emt 0:05:38] [#]} (11... Ng4 $11) 12. e4 $146 (12. a4 $14) ({Predecessor:} 12. a4 Ng4 13. h3 Ne5 14. f4 Nd7 15. Nb5 Nf6 16. Nxa7 Nb4 17. Nb5 Nfxd5 18. Nc4 {0-1 (54) Narciso Dublan,M (2460)-Conquest,S (2542) Andorra 2002}) 12... Ng4 $11 13. h3 Ne5 14. Bf1 Nb4 15. Re3 f5 16. a3 Na6 17. f4 (17. exf5 $11 Bxf5 18. g4) 17... Nf7 $1 $15 18. Nf3 fxe4 (18... Bxc3 $6 19. bxc3 Rxe4 20. Rxe4 fxe4 21. Nd2 $11) 19. Rxe4 Bf5 ({Better is} 19... b5 $17) 20. Rxe8+ $11 Qxe8 21. Nb5 {[%emt 0:08:48] Prevents Nc7.} (21. Qb3 $11 {is more appropriate.}) 21... Bd7 22. Qb3 Qe4 23. Kf2 Re8 (23... Bxb5 $17 24. Bxb5 Nc7) 24. Bd2 c4 25. Qxc4 Qxc4 ({Don't play} 25... Bxb2 26. Qxe4 (26. Re1 Qxc4 27. Rxe8+ Bxe8 $11) 26... Rxe4 27. Rb1 $16) 26. Bxc4 Bxh3 27. Nxa7 Nc5 {[%emt 0:00:56][%cal Ba6c5,Bc5e4,Be4g3,Bg3f5,Bf5e3][%mdl 32] [#] ...Ne4+ is the strong threat.} 28. Bb4 $1 {[%emt 0:02:06] Black should prevent Bxc5.} Ne4+ 29. Kg1 Ra8 ({Less strong is} 29... Nxg3 30. Kh2 Nh5 31. Kxh3 $18) 30. Nb5 {[%emt 0:00:55] Strongly threatening Re1.} (30. Re1 $5 Rxa7 31. Rxe4 Bxb2 32. Nd4 $16) 30... Rc8 $132 {[%emt 0:05:29][%mdl 2048] Black puts up resistance} 31. Bd3 Nxg3 32. Nxd6 Nxd6 33. Bxd6 Bf5 (33... Rd8 $2 34. Be7 Ra8 35. d6 $18) 34. Bxf5 Nxf5 35. Be5 Rd8 {[%emt 0:00:30] Inhibits d6.} 36. Rd1 Ne3 37. Rd3 Nxd5 38. Kf2 {[%emt 0:00:31] Weighted Error Value: White=0.16 (very precise) /Black=0.18 (very precise)} 1/2-1/2

[Event "Summer Prague Open-A 2022"]
[Site "Prague"]
[Date "2022.08.05"]
[Round "1.4"]
[White "Mirzoev, Azer"]
[Black "Elias, Jakub"]
[Result "1-0"]
[ECO "A48"]
[WhiteElo "2424"]
[BlackElo "1999"]
[Annotator "TA"]
[PlyCount "79"]
[EventDate "2022.08.05"]
[EventType "swiss"]
[EventCountry "CZE"]
[SourceTitle "playchess.com"]
[Source "ChessBase"]
[SourceQuality "1"]
[TimeControl "40/5400+30:1800+30"]

1. d4 Nf6 2. Nf3 g6 3. Nbd2 Bg7 4. e4 d6 5. c3 O-O 6. Bd3 Nbd7 7. O-O e5 8. Re1 b6 9. a4 a5 {[%emt 0:00:59] B07: Pirc Defence: Miscellaneous Systems.} 10. Bb5 Bb7 11. d5 {[%emt 0:00:10] [#]} Nh5 $146 {[%emt 0:03:33] The position is equal.} ({Predecessor:} 11... Qc8 12. Nc4 Nc5 13. Nfd2 Nh5 14. b4 Nd3 15. Nxd6 cxd6 16. Bxd3 Qxc3 17. Ra3 Qc7 18. bxa5 bxa5 {1-0 (48) Gavrilescu,D (2477)-Aizenberg,B (2309) Reykjavik 2021}) 12. Nc4 h6 13. Nfd2 {[%emt 0:09:55] White is more active.} (13. b4 $16) 13... Nf4 14. Nf1 f5 15. f3 Rf7 16. Be3 Qf6 17. b4 Bf8 (17... Qg5 $11 18. g3 Nh3+ 19. Kg2 Qh5 20. bxa5 Nf6) 18. Ra2 (18. Bc6 $16 Rb8 19. Bxb7 (19. bxa5 Ba6 $16) 19... Rxb7 20. bxa5) 18... Rg7 {[%emt 0:07:29] [#]} (18... axb4 $14 19. cxb4 fxe4 20. fxe4 Qh4) 19. Rb2 ({White should try} 19. bxa5 $1 fxe4 20. fxe4 (20. axb6 exf3 21. Bxf4 exf4 $11)) 19... axb4 20. cxb4 Ba6 21. Bxa6 Rxa6 22. a5 h5 23. Rc2 (23. b5 $16 Ra8 24. a6 (24. axb6 cxb6 25. g3 g5 $14)) 23... g5 $2 {[%emt 0:02:32][%mdl 8192] This move loses the game for Black.} ({Black should play} 23... bxa5 $14 24. Nxa5 (24. bxa5 h4 $14) 24... Nb6) 24. Ng3 $18 fxe4 25. fxe4 ({Not} 25. Nxe4 Qh6 26. b5 Ra8 $16) (25. Bxf4 $142 exf4 26. Nxh5) 25... Qg6 26. Nf5 Rf7 27. b5 Ra8 28. axb6 Nxb6 29. Nxb6 cxb6 30. Qd2 Rfa7 (30... Ra4 {keeps fighting.}) 31. Bxb6 Ra1 32. Bf2 R1a3 $2 (32... Qe8 33. g3 Nh3+ 34. Kg2 g4) 33. b6 Rb8 34. Qb4 Ra6 35. Qb5 Ra3 36. Rb1 {[%emt 0:00:21] [#] Strongly threatening b7.} Nd3 37. Be3 h4 38. Qd7 {[%emt 0:01:59] Hoping for Rc8.} g4 39. Qe6+ (39. Rc8 $142 Rxc8 40. Qxc8) 39... Kh7 40. Rc7+ {[%emt 0:00:20] Weighted Error Value: White=0.45/Black=0.83} 1-0

[Event "Summer Prague Open-A 2022"]
[Site "Prague"]
[Date "2022.08.05"]
[Round "1.5"]
[White "Bilunov, Denis B."]
[Black "Cernousek, Lukas"]
[Result "0-1"]
[ECO "B24"]
[WhiteElo "1977"]
[BlackElo "2429"]
[Annotator "TA"]
[PlyCount "108"]
[EventDate "2022.08.05"]
[EventType "swiss"]
[EventCountry "CZE"]
[SourceTitle "playchess.com"]
[Source "ChessBase"]
[SourceQuality "1"]
[TimeControl "40/5400+30:1800+30"]

1. e4 c5 2. Nc3 Nc6 3. g3 g6 4. Bg2 Bg7 5. Nge2 d6 6. O-O e6 7. d3 Nge7 8. Bg5 h6 9. Be3 Nd4 10. Rb1 {[%emt 0:00:25] B25: Closed Sicilian: 3 g3, lines without early Be3.} Nec6 11. a3 {[%emt 0:01:29] [#]} b6 $146 ({Predecessor:} 11... a6 12. b4 b5 13. e5 d5 14. f4 Bf8 15. Qd2 Bb7 16. bxc5 Bxc5 17. Nxd4 Bxd4 18. Bxd4 Nxd4 {½-½ (35) Predojevic,B (2621)-Donchenko,A (2650) Germany 2019}) 12. Na2 {[%emt 0:03:00] The position is equal.} Bb7 13. c3 Nxe2+ 14. Qxe2 O-O 15. Qc2 Rc8 16. Rbd1 Kh7 17. Nc1 b5 18. Ne2 a5 19. Qb1 b4 20. d4 Ba6 21. Rfe1 Qb6 22. dxc5 dxc5 23. cxb4 (23. axb4 $15 axb4 24. f4) 23... axb4 $17 24. Nf4 Ne5 ({Better is} 24... Rfd8 25. h4 Kg8) 25. axb4 Qxb4 26. Qc2 (26. Qa1 $17 Bc4 27. Bd2) 26... Rfd8 (26... Bb5 $19 {Threatens to win with ...Ba4.} 27. Rc1 Ba4) 27. Bd2 $1 $15 Qc4 28. Bc3 Bb5 29. b3 {[%emt 0:01:15] [#]} (29. Ra1 $11) 29... Nf3+ $1 $17 30. Bxf3 Qxc3 31. Qxc3 Bxc3 {[%emt 0:00:01] A strong pair of Bishops.} 32. Rxd8 Rxd8 33. Rd1 Rxd1+ 34. Bxd1 {[%emt 0:00:05][%mdl 4096] Endgame KBB-KBN} g5 35. Ne2 Bd2 36. f3 Kg6 37. Kf2 Bd3 38. g4 Kf6 {[%emt 0:00:25] Black is more active.} 39. Ng3 {[%emt 0:02:28] [#]} (39. h3 $17) 39... Ke5 ({Black should play} 39... Bf4 $1 $19 40. Be2 Bc2) 40. Be2 $2 {[%emt 0:00:12] Loses the game.} (40. h3 $17 {was called for.}) 40... Bc2 41. Bc4 Bf4 42. Ke2 $2 (42. Ne2) 42... Kd4 $19 {[%emt 0:11:40] ...Kc3 is the strong threat.} 43. Nh5 $2 (43. e5) 43... Bxh2 $2 (43... Kc3 44. Nxf4 gxf4) 44. Kd2 Bb1 {[%emt 0:00:10] aiming for ...Bf4+.} 45. Bb5 $2 (45. Nf6) 45... Bf4+ 46. Nxf4 gxf4 {[%emt 0:00:11] KB-KB} 47. Bc4 f5 48. exf5 exf5 49. Be6 fxg4 {[%emt 0:01:22] Black mates.} 50. Bxg4 Bg6 51. Be6 Bd3 52. Bf7 Bb5 53. Be6 Bc6 54. Ke2 Bd5 {[%emt 0:00:12] Weighted Error Value: White=0.73/Black=0.25 (precise)} 0-1

[Event "Summer Prague Open-A 2022"]
[Site "Prague"]
[Date "2022.08.05"]
[Round "1.6"]
[White "Lalic, Bogdan"]
[Black "Olsen, Aage Dalstrup"]
[Result "1-0"]
[ECO "D35"]
[WhiteElo "2412"]
[BlackElo "1977"]
[Annotator "TA"]
[PlyCount "57"]
[EventDate "2022.08.05"]
[EventType "swiss"]
[EventCountry "CZE"]
[SourceTitle "playchess.com"]
[Source "ChessBase"]
[SourceQuality "1"]
[TimeControl "40/5400+30:1800+30"]

1. d4 Nf6 2. c4 e6 3. Nc3 d5 4. cxd5 exd5 5. Bg5 c6 6. e3 h6 7. Bh4 Be7 8. Bd3 O-O 9. h3 {[%emt 0:00:59] D35: Queen's Gambit Declined: Exchange Variation.} Nbd7 10. Nge2 Ne4 {[%emt 0:01:47] Threatens to win with ...Nxc3.} 11. Bxe7 {[%emt 0:00:21] The position is equal.} Qxe7 12. Bxe4 dxe4 {[%emt 0:00:17] [#]} 13. g4 $146 ({Predecessor:} 13. Ng3 f5 14. O-O Nf6 15. f3 Nd5 16. Nxd5 cxd5 17. fxe4 dxe4 18. Rc1 g6 19. Rc5 {½-½ (29) Nemeth,J (2023)-Lang,G (1950) Hungary 2017}) 13... Nf6 14. Qc2 Re8 15. Ng3 (15. O-O-O $11) 15... g6 (15... b6 $5 ) 16. O-O-O Bd7 17. Kb1 b5 18. Rc1 Rac8 19. Nce2 Nd5 20. Qd2 Nb4 21. Nc3 Be6 $1 22. a3 Nd3 23. Rc2 Bb3 $2 {[%emt 0:04:37] Loses the game.} ({Black should try} 23... f5 $14) 24. Ncxe4 $18 Bxc2+ (24... c5) 25. Qxc2 Nxb2 26. Qxb2 f5 27. gxf5 {[%emt 0:01:04] White is clearly winning.} gxf5 {[%emt 0:00:06] [#]} 28. Rg1 $1 Kh7 {[%emt 0:00:51] [#]} 29. d5 $1 {[%emt 0:13:17] Weighted Error Value: White=0.05 (flawless) /Black=0.38} 1-0

[Event "Summer Prague Open-A 2022"]
[Site "Prague"]
[Date "2022.08.05"]
[Round "1.7"]
[White "Schletter, Felix"]
[Black "Kaspi, Alexander"]
[Result "1-0"]
[ECO "B54"]
[WhiteElo "1975"]
[BlackElo "2414"]
[Annotator "TA"]
[PlyCount "119"]
[EventDate "2022.08.05"]
[EventType "swiss"]
[EventCountry "CZE"]
[SourceTitle "playchess.com"]
[Source "ChessBase"]
[SourceQuality "1"]
[TimeControl "40/5400+30:1800+30"]

1. e4 c5 2. Nf3 d6 3. d4 cxd4 4. Nxd4 Nf6 5. f3 a6 6. c4 e6 7. Nc3 Be7 8. Be3 b6 9. Be2 O-O 10. O-O Bb7 11. Qd2 Qc7 12. Rfc1 $1 {[%emt 0:01:14] 12.Rfc1 scores better than 12.Rac1.} Nbd7 13. a4 {[%emt 0:00:19][%cal Oa4a5] B41: Sicilian: Kan Variation: 5 c4.} a5 14. Ndb5 Qb8 15. Bf4 {[%emt 0:05:05] White is more active. White is slightly better.} (15. Rd1 $5 ) 15... Nc5 16. Qc2 {[%emt 0:04:35] [#] Prevents Nb3.} ({Not} 16. Nxd6 $2 Nb3 17. Nxb7 Nxd2 18. Bxb8 Raxb8 $19) 16... Rd8 $146 ({Predecessor:} 16... Nfd7 17. Rd1 Ne5 18. Be3 Rd8 19. f4 Nc6 20. Bxc5 bxc5 21. Bf3 Bf6 22. Kh1 g6 {½-½ (42) Kumar,N (1914)-Huang,M (1805) Irving 2018}) 17. Rd1 Rd7 18. Rd2 Qf8 19. Rad1 Rad8 20. e5 (20. g3 $14 {keeps the upper hand.}) 20... Nh5 $17 21. exd6 Nxf4 22. dxe7 Qxe7 23. Rxd7 Rxd7 24. Rxd7 Nxd7 25. Ne4 (25. Qd2 $15 Nxe2+ 26. Nxe2) 25... f5 (25... Nc5 $17 26. Nbc3 Bxe4 27. Nxe4 Nxe2+ 28. Qxe2 Nxa4) 26. Ng3 (26. Ned6 $15 Bc6 27. g3 Nxe2+ 28. Qxe2) 26... Qc5+ $19 27. Kf1 {[%emt 0:01:14] [#]} Ne5 $2 ({Black should play} 27... Nd5 $1 $19 {[%cal Rd5e3] White must now prevent ...Ne3+.} 28. Qd3 Ne3+ 29. Kf2 Nxc4+ 30. Ke1 Bd5) 28. Qd2 $11 Nxe2 (28... Nfg6 {seems wilder.} 29. b3 Nf8 30. Nd6 Bc6) 29. Nxe2 {[%emt 0:01:45] Strongly threatening Qd8+.} Qe7 {[%emt 0:19:54] Against Qd8+} (29... Qxc4 $2 30. Qd8+ Kf7 31. Nd6+ Kg6 32. Nxc4 $18) 30. Qf4 Nc6 {[%emt 0:02:48] Black is on the road to losing.} (30... Qc5 $11 {and Black stays safe.}) 31. Qe3 $18 e5 32. Qxb6 Qd7 33. Nc7 Nd8 (33... Bc8 34. Nd5 Kh8) 34. Qxa5 e4 35. Nd5 exf3 36. gxf3 Ne6 37. Qb5 Qf7 (37... Qxb5 38. axb5 Kf7) 38. Qb4 Ba6 39. b3 h6 40. Qe7 g5 41. Ke1 f4 42. Qxf7+ Kxf7 {[%emt 0:00:07][%mdl 4096] Endgame KBN-KNN} 43. Kd2 Nc5 44. Kc3 Bb7 45. a5 Ke6 46. b4 Nd7 47. Kd4 Ne5 48. a6 Bxa6 49. Nc7+ ({Less strong is} 49. Ke4 Bxc4 50. Nd4+ Kd6 51. Nf5+ Ke6 52. Nc7+ Kd7 $18) 49... Kd6 50. Nxa6 Nxf3+ 51. Ke4 Nd2+ 52. Kd3 Nf3 53. b5 Ne5+ 54. Kd4 Nf3+ 55. Ke4 Nd2+ 56. Kd3 Nf3 57. c5+ Kd5 58. Nc3+ Ke6 59. b6 {[%emt 0:00:29] [#] White wants to mate with b7.} Ne5+ 60. Ke4 {[%emt 0:00:10] Weighted Error Value: White=0.49/Black=0.50} 1-0

[Event "Summer Prague Open-A 2022"]
[Site "Prague"]
[Date "2022.08.05"]
[Round "1.8"]
[White "Lutsko, Artem"]
[Black "Rasmussen, Jonas H"]
[Result "1-0"]
[ECO "A05"]
[WhiteElo "2392"]
[BlackElo "1951"]
[Annotator "TA"]
[PlyCount "130"]
[EventDate "2022.08.05"]
[EventType "swiss"]
[EventCountry "CZE"]
[SourceTitle "playchess.com"]
[Source "ChessBase"]
[SourceQuality "1"]
[TimeControl "40/5400+30:1800+30"]

1. Nf3 Nf6 2. g3 d5 3. Bg2 g6 4. b3 Bg7 5. Bb2 O-O 6. c4 e6 7. O-O b6 {[%emt 0:00:43] 7...b6 is better than 7...c5.} 8. cxd5 {[%emt 0:05:37] A05: Réti Opening: 1 Nf3 Nf6.} exd5 9. Nc3 Bb7 10. d4 {[%emt 0:00:24] The position is equal.} Nbd7 11. Qc2 {[%emt 0:02:18] [#]} a6 $146 ({Predecessor:} 11... c6 12. Rfd1 Re8 13. e3 Rc8 14. b4 b5 15. Ne1 a5 16. bxa5 Qxa5 17. Nd3 Bf8 {1-0 (55) Nakamura,H (2736)-Yoo,C (2466) Chess.com INT 2021}) 12. Rad1 Re8 13. Ne5 Qe7 ({Don't take} 13... Nxe5 14. dxe5 Rxe5 15. Nxd5 $1 Rxd5 16. Bxd5 Bxd5 17. Bxf6 Bxf6 18. e4 $16) 14. Rfe1 Rad8 15. e3 Nxe5 16. dxe5 Ne4 (16... Qxe5 $2 17. Nxd5 $1 Qxb2 18. Qxb2 $18) 17. Nxe4 dxe4 18. Rc1 c5 19. Bxe4 Bxe4 20. Qxe4 Bxe5 21. Bxe5 Qxe5 22. Qb7 Qf6 23. Qxa6 Rd2 24. Re2 Red8 25. Rce1 Kg7 26. Kg2 Qc6+ 27. e4 Qf6 28. Rxd2 Rxd2 $14 {[%emt 0:00:14][%mdl 4096] Endgame KQR-KQR} 29. Re2 Rd1 30. Qb7 Qe6 31. Qc7 Rd6 32. h3 (32. Qa7 {with more complications.} Rd1 33. Qb8 g5 34. f4) 32... Rd1 33. Qf4 Rd4 34. Qf3 Qe5 35. Qc3 (35. Qe3 {is more complex.} h5 36. h4 Rd1 37. Qf3) 35... Kg8 36. a3 Qe6 37. Qf3 Qe5 38. Re3 Kg7 39. Qe2 Qe6 40. e5 Rd5 41. Qc4 Qc6 (41... Qd7 $11 {might be stronger.}) 42. Qe4 (42. Rf3 $1 $16) 42... Qe6 $1 $11 43. g4 Rd4 44. Qf3 Rd5 45. Qe2 Rd4 46. Kg3 g5 {[%emt 0:04:29] Prevents f4.} 47. Qc2 Rf4 (47... Qh6 48. b4 $16) 48. Qd3 h6 ({Resist} 48... Qh6 49. Rf3 $16) 49. f3 Rd4 50. Qf5 Qe7 51. e6 f6 52. Re2 {[%emt 0:00:00] Kg2 is the strong threat.} Qd6+ $1 53. Kg2 {[%emt 0:00:00] Threatening mate with e7. Dancing on a razor blade.} Rd2 $1 54. Kf1 Rd1+ 55. Re1 Qd2 $2 {[%emt 0:01:25][%mdl 8192] [#]} (55... Qd4 $11) 56. Qe4 $1 $18 Rxe1+ 57. Qxe1 {[%emt 0:00:00] KQ-KQ} Qd3+ {[%emt 0:00:29] [#] White is clearly winning.} 58. Qe2 $1 Qd8 59. e7 Qe8 60. Qe6 b5 61. Ke1 c4 62. bxc4 bxc4 63. Kd2 Kg6 64. a4 Kg7 65. Kc3 Kh8 {Weighted Error Value: White=0.06 (flawless) /Black=0.06 (flawless)} 1-0

[Event "Summer Prague Open-A 2022"]
[Site "Prague"]
[Date "2022.08.05"]
[Round "1.9"]
[White "Reprun, Nadejda"]
[Black "Kambrath, Yannick"]
[Result "0-1"]
[ECO "B44"]
[WhiteElo "1958"]
[BlackElo "2401"]
[Annotator "TA"]
[PlyCount "92"]
[EventDate "2022.08.05"]
[EventType "swiss"]
[EventCountry "CZE"]
[SourceTitle "playchess.com"]
[Source "ChessBase"]
[SourceQuality "1"]
[TimeControl "40/5400+30:1800+30"]

1. e4 c5 2. Nf3 e6 3. d4 cxd4 4. Nxd4 Nc6 5. Nb5 d6 6. c4 Nf6 7. N5c3 b6 8. Be2 {[%emt 0:04:19] B44: Sicilian: Taimanov: 5 Nb5.} Bb7 9. Be3 Rc8 10. Nd2 {[%emt 0:00:21] The position is equal.} Be7 11. O-O O-O {[%emt 0:00:39] [#]} 12. Rc1 $146 ({Predecessor:} 12. Qa4 Nd7 13. b4 a6 14. Rac1 Bf6 15. Rfd1 Qe7 16. Nf1 Nce5 17. Qb3 Ng6 18. Ng3 {0-1 (27) Gorbatov,A (2389)-Meskovs,N (2524) Riga 2018}) 12... Re8 13. a3 Rc7 14. b4 Rd7 15. Qa4 Qa8 16. Rfd1 Bf8 17. Nf1 Rdd8 18. f3 Qb8 19. Nb5 (19. Bf2 $14) 19... d5 $1 $11 20. c5 (20. exd5 $11 exd5 21. Qc2) 20... bxc5 21. bxc5 dxe4 22. fxe4 Qe5 ({Black should try} 22... Rxd1 $17 23. Rxd1 Qe5) 23. Ng3 Nd5 24. exd5 (24. Bd4 $15 Nxd4 25. Qxd4) 24... Qxe3+ $19 25. Kh1 {[%emt 0:00:06] Hoping for Rc3.} Rxd5 ({Not} 25... exd5 26. Nd6 Bxd6 27. cxd6 $11) 26. Nd6 Bxd6 ({Much less strong is} 26... Rxc5 27. Rxc5 Bxd6 28. Ba6 $1 Bxc5 29. Bxb7 $14) 27. cxd6 {[%emt 0:00:02] [#]} Rd8 ({Better is} 27... Rxd6 $3 $19 28. Rf1 Red8) 28. Rb1 {[%emt 0:01:07] [#]} (28. Rxd5 $17 Qxc1+ 29. Rd1) 28... Ba8 $2 (28... Rxd1+ $1 $19 29. Rxd1 Ne5) 29. Bf3 $2 (29. Rxd5 $11 exd5 30. Bb5) 29... Rxd1+ $17 (29... R5xd6 $2 30. Rxd6 Rf8 31. Bxc6 $18) 30. Rxd1 Rxd6 31. Rb1 (31. h3 $142 Qe5 32. Nh5) 31... h6 $19 32. h3 Qe5 33. Ne2 {[%emt 0:03:04] [#]} Rd8 $1 34. Bxc6 (34. Qh4 Qd6) 34... Bxc6 ({Avoid the trap} 34... Qxe2 $2 35. Bxa8 Rxa8 36. Kh2 $19) 35. Qxc6 Qxe2 {[%emt 0:00:12][%mdl 4096] Endgame KQR-KQR} 36. Qc7 Rd1+ 37. Rxd1 Qxd1+ {[%emt 0:00:04] KQ-KQ} 38. Kh2 Qd4 39. Qe7 Qf2 40. Qd6 Kh7 41. a4 Qe3 42. a5 $2 (42. Qc7 {might work better.}) 42... f6 43. Qd8 Qf4+ 44. Kh1 e5 45. Qd7 Qf2 {[%emt 0:00:00] Strongly threatening ...e4.} 46. Kh2 $2 (46. Qd5 Qe3 47. Kh2) 46... e4 {[%emt 0:00:00] Weighted Error Value: White=0.47/Black=0.16 (very precise)} 0-1